 Seeded DCSS version 0.29-a0-378-gc08b2e8bf8 (webtiles) character file.

Game seed: 20220504 (custom seed)

68925 a11behringer the Executioner (level 14, -2/127 HPs)
             Began as a Minotaur Fighter on May 4, 2022.
             Was the Champion of Okawaru.
             Slain by a boulder beetle (12 damage)
             ... on level 4 of the Lair of Beasts.
             The game lasted 01:01:15 (21995 turns).

a11behringer the Executioner (Minotaur Fighter)    Turns: 21995, Time: 01:01:16

Health: -2/127     AC: 18    Str: 29    XL:     14   Next: 88%
Magic:  13/18      EV: 11    Int:  5    God:    Okawaru [******]
Gold:   1467       SH: 24    Dex: 18    Spells: 13/13 levels left

rFire   + + +      SeeInvis .   A - +2 broad axe (vorpal)
rCold   + . .      Faith    .   o - +5 kite shield of Freedom {Str+4}
rNeg    . . .      Spirit   .   M - +2 plate armour {rC+}
rPois   .          Reflect  +   S - +0 hat of Joat {Contam rF+++ Dex+4}
rElec   .          Harm     .   C - +0 cloak
rCorr   .          Rampage  .   P - +0 pair of fencer's gloves {Riposte Dex+3}
Will    +....                   L - +1 pair of boots
Stlth   ..........              U - amulet of Tysufaor {Reflect SH+5 Stlth+}
HPRegen 0.31/turn               i - +4 ring of protection
MPRegen 0.16/turn               z - ring "Fiot" {Fly Slay+2}

@: heroic, finesse-ful, corroded, flying
A: horns 2, retaliatory headbutt
a: Renounce Religion, Heroism, Finesse, Duel


You were on level 4 of the Lair of Beasts.
You worshipped Okawaru.
Okawaru was exalted by your worship.
You visited 3 branches of the dungeon, and saw 21 of its levels.
You visited the Abyss 1 time.
You also visited: Bailey.

You collected 2651 gold pieces.
You spent 1184 gold pieces at shops.

Inventory:

Hand Weapons
 g - a +3 arbalest of flaming
 n - a +1 eveningstar of protection
 A - a +2 vorpal broad axe (weapon)
 D - a +1 whip of flaming
 G - a +2 vorpal battleaxe
 H - a +1 trident of freezing
 J - a +1 demon whip of venom
 X - a +1 battleaxe of venom
Missiles
 b - 4 throwing nets (quivered)
 t - 5 curare-tipped darts
Armour
 j - a +0 troll leather armour
 o - the +5 kite shield of Freedom (worn) {Str+4}
   (Okawaru gifted it to you on level 13 of the Dungeon)

   Str:       It affects your strength (+4).
 C - a +0 cloak (worn)
 K - an orb of light
 L - a +1 pair of boots (worn)
 M - a +2 plate armour of cold resistance (worn)
 P - the +0 pair of fencer's gloves (worn) {Riposte Dex+3}
   (You acquired it on level 10 of the Dungeon)

   It allows the wearer to riposte with melee weapons, swiftly retaliating
   against missed attacks.
   Dex:       It affects your dexterity (+3).
 S - the +0 hat of Joat (worn) {Contam rF+++ Dex+4}
   (You acquired it on level 9 of the Dungeon)

   Dex:       It affects your dexterity (+4).
   rF:        It renders you almost immune to fire.
   Contam:    It causes magical contamination when unequipped.
Jewellery
 a - an amulet of guardian spirit
 c - a +6 ring of intelligence
 f - a ring of protection from cold
 i - a +4 ring of protection (left hand)
 k - a +4 ring of protection
 z - the ring "Fiot" (right hand) {Fly Slay+2}
   (You took it off a gnoll on level 5 of the Dungeon)

   [ring of flight]

   Slay:      It affects your accuracy & damage with ranged weapons and melee
   (+2).
   Fly:       It grants you flight.
 B - the ring "Goab" {rElec rN++ AC+4 Str-4 Int+3}
   (You bought it in a shop on level 9 of the Dungeon)

   [ring of protection]

   AC:        It affects your AC (+4).
   Str:       It affects your strength (-4).
   Int:       It affects your intelligence (+3).
   rElec:     It insulates you from electricity.
   rN:        It greatly protects you from negative energy.
 E - a ring of positive energy
 Q - a ring of wizardry
 U - the amulet of Tysufaor (around neck) {Reflect SH+5 Stlth+}
   (You bought it in a shop on level 9 of the Dungeon)

   [amulet of reflection]

   It reflects blocked missile attacks.
   SH:        It affects your SH (+5).
   Stlth:     It makes you more stealthy.
 Y - a ring of positive energy
Wands
 p - a wand of flame (36)
 y - a wand of paralysis (10)
 N - a wand of iceblast (10)
Scrolls
 q - 8 scrolls of enchant armour
 r - 2 scrolls of teleportation
 s - 2 scrolls of vulnerability
 u - 2 scrolls of fog
 x - 3 scrolls of blinking
 I - a scroll of identify
 V - a scroll of brand weapon
Potions
 d - a potion of might
 h - a potion of magic {unknown}
 l - 6 potions of curing
 m - 2 potions of ambrosia {unknown}
 v - a potion of haste
 w - 4 potions of invisibility
 F - 2 potions of resistance
 R - 4 potions of brilliance
 T - 2 potions of lignification {unknown}
 W - a potion of cancellation {unknown}
Miscellaneous
 O - a piece from Xom's chessboard (15/15)


   Skills:
 + Level 12.6(17.6) Fighting
 * Level 21.5(26.6) Axes
 + Level 3.1(19.5) Maces & Flails
 + Level 1.3(19.2) Polearms
 - Level 6.0(11.0) Crossbows
 + Level 12.0(17.0) Armour
 + Level 2.5(7.5) Dodging
 + Level 9.6(14.6) Shields
 + Level 7.9 Invocations
 + Level 4.0 Evocations


You had 13 spell levels left.
You didn't know any spells.
Your spell library contained the following spells:

 Spells                   Type           Power      Damage    Failure   Level
 Beastly Appendage        Tmut           0%         N/A       99%         1
 Sting                    Tmut/Pois      0%         1d3       99%         1
 Corpse Rot               Necr/Air       0%         N/A       100%        2
 Poisonous Vapours        Pois/Air       0%         N/A       100%        2
 Sublimation of Blood     Necr           0%         N/A       100%        2
 Wereblood                Tmut           0%         N/A       100%        2
 Portal Projectile        Hex/Tloc       0%         N/A       100%        3
 Spider Form              Tmut/Pois      0%         N/A       100%        3
 Leda's Liquefaction      Hex/Erth       0%         N/A       100%        4
 Olgreb's Toxic Radiance  Pois           0%         N/A       100%        4
 Petrify                  Tmut/Erth      0%         N/A       100%        4
 Alistair's Intoxication  Tmut/Pois      0%         N/A       100%        5
 Borgnjor's Vile Clutch   Necr/Erth      0%         N/A       100%        5
 Irradiate                Conj/Tmut      0%         3d13      100%        5
 Eringya's Noxious Bog    Tmut/Pois      0%         N/A       100%        6
 Call Canine Familiar     Summ           Unusable   N/A       N/A         3
 Animate Dead             Necr           Unusable   N/A       N/A         4
 Death Channel            Necr           Unusable   N/A       N/A         6

Dungeon Overview and Level Annotations

Branches:
Dungeon (15/15)            Temple (0/1) D:4            Lair (4/6) D:8
  Swamp (0/4) Lair:2       Spider (0/4) Lair:2          Orc (2/2) D:10
    Elf (0/3) Orc:2        Vaults (0/5) D:14         Depths (0/4) D:15
 Bailey (visited)

Altars:
Ashenzari
Elyvilon
Fedhas
Gozag
Hepliaklqana
Makhleb
Okawaru
Sif Muna
Trog
Uskayaw
Vehumet
Wu Jian
Zin
The Shining One
Beogh
Lugonu

Shops:
D:9 =:   D:14 (   Orc:2 [(*(!

Portals:
Abyss: D:5

Annotations:
D:15 1 runed translucent door
Lair:4 1 transporter, exclusion: oklob plant, spaghetti's ghost, journeyman GnBe


Innate Abilities, Weirdness & Mutations

You have a pair of horns on your head.
You reflexively headbutt those who attack you in melee.


Message History

The black mamba attacks as you move away!
The black mamba bites you!
* * * LOW HITPOINT WARNING * * *
You block the black mamba's attack. The black mamba bites you!
* * * LOW HITPOINT WARNING * * *
You hit the oklob plant. You headbutt the oklob plant.
The oklob plant is lightly damaged.
You hit the black mamba but do no damage.
You hit the boulder beetle but do no damage.
You block the black mamba's attack.
You slash the oklob plant! You headbutt the oklob plant!
The oklob plant is severely damaged.
You hit the black mamba.
You kill the black mamba!
Okawaru accepts your kill.
You hit the boulder beetle but do no damage.
You block the boulder beetle's attack.
You feel much better. You block the boulder beetle's attack.
The oklob plant spits acid at you. The splash of acid hits you!!
* * * LOW HITPOINT WARNING * * *
The acid corrodes you!
You feel much better.
You block the boulder beetle's attack. x2
Spaghetti's ghost hits you but does no damage.
You hit the oklob plant but do no damage.
You headbutt the oklob plant, but do no damage.
The oklob plant is severely damaged.
You slice the boulder beetle!! You slash spaghetti's ghost!
You hit the oklob plant.
The oklob plant is severely damaged.
You hit the boulder beetle but do no damage.
You barely miss spaghetti's ghost. The boulder beetle bites you!!
* * * LOW HITPOINT WARNING * * *
Spaghetti's ghost closely misses you.
You riposte.
You miss spaghetti's ghost.
You headbutt spaghetti's ghost, but do no damage.
Spaghetti's ghost is lightly damaged.
You hit the oklob plant but do no damage.
You hit the boulder beetle but do no damage.
You feel better. The boulder beetle bites you!
You die...

###..#.....#...##.#...##....#
P.............#.###.#.....<##
..####.©.####...#######.##.P#
# #####..##...# ##....# #..
.??:!....#..## ##..##
....###[..##.##.# #...#
#.#.....#.....#.# ##.†# #
#..©†.##..#.# ##..)#
#..#...W@P#.# #...#.
...#...#.B.##.. ##...†
#......#...©#... #...#
##.###..##### #...# # ###
.... ≈≈...# ..P.# #♣≈...#
..)## ♣≈..≈ #..## ≈≈...
≈≈...≈


You could see a boulder beetle (berserk), an oklob plant and spaghetti's ghost.

Vanquished Creatures
  2 tentacled starspawn (Abyss:3)
  Frances (D:14)
  Louise (D:15)
  A stone giant (D:15)
  A very ugly thing (Abyss:3)
  Snorg (D:10)
  7 hydras
  8 vault guards (D:14)
  An ogre mage (D:15)
  Harold (D:11)
  3 boulder beetles
  Erica (Lair:1)
  A hell hog (Abyss:3)
  7 centaur warriors
  3 two-headed ogres
  2 tengu warriors (D:15)
  The ghost of Antichthon the Basher, a novice GrFi of the Shining One (D:9)
  Amaemon (Lair:1)
  Nergalle (Orc:1)
  2 wretched stars (Abyss:3)
  Lodul (D:11)
  Pikel (D:5)
  A deep elf pyromancer (D:13)
  8 orc knights
  2 ugly things
  4 cyclopes
  4 manticores
  An orc sorcerer (Orc:2)
  2 moths of wrath (Lair:4)
  2 black mambas (Lair:4)
  An orange demon (Lair:1)
  Maggie (D:7)
  8 cane toads
  An efreet (D:12)
  5 komodo dragons
  Psyche (D:8)
  2 rime drakes
  A polar bear (shapeshifter) (D:15)
  A harpy zombie (Abyss:3)
  2 polar bears (Lair:2)
  5 trolls
  2 blink frogs (Lair:4)
  A harpy skeleton (Abyss:3)
  A tarantella (shapeshifter) (Abyss:3)
  Prince Ribbit (D:5)
  2 hornets
  3 raiju (Abyss:3)
  14 slime creatures
  A culicivora (shapeshifter) (D:13)
  4 water elementals (D:15)
  4 wraiths
  56 yaks
  4 wyverns
  Grum (Lair:1)
  Eustachio (D:6)
  3 redbacks (Lair:2)
  A steam dragon (D:8)
  A fire elemental (Abyss:3)
  2 basilisks
  6 vampire mosquitoes
  13 wargs
  2 swamp worms (Lair:2)
  3 hell hounds (Abyss:3)
  4 water moccasins
  3 small abominations (Abyss:3)
  2 sky beasts
  3 ice beasts
  11 centaurs
  36 orc warriors
  3 wolves (Lair:1)
  14 ogres
  2 phantoms
  9 kobold brigands
  Blork the orc (D:5)
  A necrophage (D:4)
  2 gnoll sergeants
  11 bullfrogs
  4 scorpions
  2 jellies
  4 wights (D:8)
  4 howler monkeys
  3 electric eels
  10 orc priests
  Crazy Yiuf (D:4)
  A gnoll shaman (D:4)
  3 hounds
  6 iguanas
  16 orc wizards
  19 gnolls
  15 adders
  A shadow imp (D:7)
  A white imp (D:3)
  4 worms
  66 orcs
  8 endoplasms
  2 giant cockroaches
  A goblin (D:4)
  4 hobgoblins
  6 jackals
  5 quokkas
  10 ball pythons
  6 bats
  5 frilled lizards
  20 kobolds
  9 rats
  A lurking horror (D:5)
  2 starspawn tentacles (Abyss:3)
567 creatures vanquished.

Vanquished Creatures (collateral kills)
  A ball python (D:2)
1 creature vanquished.

Vanquished Creatures (others)
  An orc priest (Orc:1)
  7 fungi
  A lurking horror (D:5)
  16 plants
  8 starspawn tentacles (Abyss:3)
33 creatures vanquished.

Grand Total: 601 creatures vanquished

Notes
Turn   | Place    | Note
-------+----------+-------------------------------------------
     0 | D:1      | a11behringer the Minotaur Fighter began the quest for the
                  | Orb.
     0 | D:1      | Reached XP level 1. HP: 19/19 MP: 0/0
   277 | D:1      | Reached XP level 2. HP: 27/27 MP: 1/1
  1260 | D:2      | Reached skill level 3 in Axes
  1353 | D:2      | Reached XP level 3. HP: 33/33 MP: 2/2
  1364 | D:2      | Found a blossoming altar of Fedhas.
  1385 | D:2      | Reached skill level 1 in Dodging
  1651 | D:2      | Identified the +0 robe of Reason {MP+9 Int-3 Dex+9 SInv}
  1768 | D:2      | Reached XP level 4. HP: 35/40 MP: 3/3
  2256 | D:3      | Found a shimmering blue altar of Sif Muna.
  2288 | D:3      | Found a faded altar of an unknown god.
  2299 | D:3      | Reached skill level 4 in Axes
  2871 | D:4      | Reached XP level 5. HP: 46/46 MP: 4/4
  2911 | D:4      | Reached skill level 5 in Axes
  2960 | D:4      | Noticed a phantom
  2969 | D:4      | Killed a phantom
  2977 | D:4      | Reached skill level 6 in Axes
  2977 | D:4      | Reached XP level 6. HP: 49/53 MP: 5/5
  3019 | D:4      | Found a radiant altar of Vehumet.
  3023 | D:4      | Found a glowing golden altar of the Shining One.
  3024 | D:4      | Found a burning altar of Makhleb.
  3026 | D:4      | Found a hide-covered altar of Uskayaw.
  3026 | D:4      | Found a bloodstained altar of Trog.
  3026 | D:4      | Found an opulent altar of Gozag.
  3027 | D:4      | Found a hazy altar of Hepliaklqana.
  3344 | D:4      | Found a runed translucent door.
  3364 | D:5      | Entered Level 5 of the Dungeon
  3394 | D:5      | Reached skill level 7 in Axes
  3462 | D:5      | Found an iron altar of Okawaru.
  3490 | D:5      | Reached XP level 7. HP: 40/60 MP: 6/6
  3497 | D:5      | Identified the ring "Fiot" {Fly Slay+2}
  3501 | D:5      | Reached skill level 5 in Armour
  3510 | D:5      | Found a white marble altar of Elyvilon.
  3521 | D:5      | Became a worshipper of Warmaster Okawaru
  3660 | D:4      | Reached skill level 8 in Axes
  3784 | D:4      | Found a staircase to the Ecumenical Temple.
  3995 | D:4      | Noticed Crazy Yiuf
  4118 | D:4      | Killed Crazy Yiuf
  4243 | D:5      | Noticed Prince Ribbit
  4300 | D:5      | Killed Prince Ribbit
  4301 | D:5      | Reached skill level 5 in Fighting
  4301 | D:5      | Reached skill level 1 in Invocations
  4471 | D:5      | Noticed Blork the orc
  4478 | D:5      | Killed Blork the orc
  4479 | D:5      | Reached skill level 9 in Axes
  4479 | D:5      | Reached XP level 8. HP: 57/68 MP: 8/8
  4546 | D:5      | Noticed Pikel
  4555 | D:5      | Killed Pikel
  4556 | D:5      | Reached skill level 10 in Axes
  4632 | D:5      | Reached * piety under Okawaru
  4829 | D:5      | Found a one-way gate to the infinite horrors of the Abyss.
  4832 | D:5      | Found a corrupted altar of Lugonu.
  5082 | D:5      | Found a blossoming altar of Fedhas.
  5648 | D:6      | Reached skill level 11 in Axes
  5824 | D:6      | Noticed Eustachio
  5836 | D:6      | Killed Eustachio
  5837 | D:6      | Reached XP level 9. HP: 64/72 MP: 10/10
  6629 | D:6      | Found an ornate altar of the Wu Jian Council.
  6891 | D:7      | Reached skill level 12 in Axes
  7170 | D:7      | Reached ** piety under Okawaru
  7331 | D:7      | Noticed Maggie
  7345 | D:7      | Killed Maggie
  8029 | D:8      | Found a flagged portal.
  8039 | Bailey   | Entered a bailey
  8063 | Bailey   | Reached skill level 13 in Axes
  8094 | Bailey   | Noticed an orc knight
  8096 | Bailey   | Found an iron altar of Okawaru.
  8099 | Bailey   | Reached *** piety under Okawaru
  8100 | Bailey   | Reached XP level 10. HP: 55/84 MP: 9/12
  8107 | Bailey   | Killed an orc knight
  8115 | Bailey   | Identified the +5 dagger "Ganoaj" {venom, rPois Str+3
                  | Stlth+}
  8526 | D:8      | Found a glowing silver altar of Zin.
  8526 | D:8      | Noticed an angel
  8542 | D:8      | Found a staircase to the Lair.
  8551 | D:8      | Reached skill level 14 in Axes
  8551 | D:8      | Reached skill level 5 in Invocations
  8581 | D:8      | Reached **** piety under Okawaru
  9083 | D:9      | Found Notroyra's Book Shop.
  9123 | D:9      | Found a runed translucent gate.
  9123 | D:9      | Found a runed translucent gate.
  9124 | D:9      | Found a runed translucent gate.
  9130 | D:9      | Noticed a ten-headed hydra
  9130 | D:9      | Noticed Antichthon's ghost (novice GrFi)
  9280 | D:9      | Reached skill level 15 in Axes
  9625 | D:9      | Identified the +9 great sword "Sarcophage" {vorpal, rElec
                  | Dex+3 Stlth+}
  9650 | D:9      | Identified 2 scrolls of acquirement
  9650 | D:9      | Acquired the +0 hat of Joat {Contam rF+++ Dex+4}
  9670 | D:9      | Reached ***** piety under Okawaru
  9717 | D:9      | Found Soum's Jewellery Emporium.
  9725 | D:9      | Bought the amulet of Tysufaor {Reflect SH+5 Stlth+} for 398
                  | gold pieces
  9969 | D:10     | Entered Level 10 of the Dungeon
  9988 | D:10     | Noticed a green ugly thing
  9995 | D:10     | Killed a green ugly thing
  9996 | D:10     | Reached XP level 11. HP: 93/93 MP: 14/14
 10035 | D:10     | Noticed Psyche
 10310 | D:8      | Killed Psyche
 10378 | D:10     | Noticed Snorg
 10387 | D:10     | Killed Snorg
 10388 | D:10     | Reached skill level 16 in Axes
 10454 | D:10     | Found a staircase to the Orcish Mines.
 10498 | D:10     | Noticed a two-headed ogre
 10515 | D:10     | Killed a two-headed ogre
 10515 | D:10     | Received a gift from Okawaru
 10957 | D:10     | Reached skill level 17 in Axes
 10960 | D:10     | Acquired the +0 pair of fencer's gloves {Riposte Dex+3}
 10960 | D:10     | Found the +0 pair of fencer's gloves {Riposte Dex+3}
 11160 | D:11     | Noticed Lodul
 11160 | D:11     | Noticed Harold
 11173 | D:11     | Killed Harold
 11173 | D:11     | Identified the +1 robe of Astuyh {Rampage Str-3 Int+7
                  | Slay-5} (Okawaru gifted it to you on level 11 of the
                  | Dungeon)
 11173 | D:11     | Received a gift from Okawaru
 11174 | D:11     | Killed Lodul
 11749 | D:11     | Noticed a centaur warrior
 11759 | D:11     | Killed a centaur warrior
 12128 | D:12     | Reached XP level 12. HP: 102/104 MP: 14/16
 12162 | D:12     | Reached skill level 18 in Axes
 12938 | D:13     | Noticed a centaur warrior
 12943 | D:13     | Killed a centaur warrior
 12994 | D:13     | Noticed a centaur warrior
 13005 | D:13     | Killed a centaur warrior
 13149 | D:13     | Noticed a centaur warrior
 13161 | D:13     | Killed a centaur warrior
 13441 | D:13     | Reached skill level 10 in Armour
 13457 | D:13     | Noticed a centaur warrior
 13472 | D:13     | Reached skill level 19 in Axes
 13474 | D:13     | Killed a centaur warrior
 13475 | D:13     | Identified the +5 kite shield of Freedom {Str+4} (Okawaru
                  | gifted it to you on level 13 of the Dungeon)
 13475 | D:13     | Received a gift from Okawaru
 13845 | D:13     | Noticed a centaur warrior
 13850 | D:13     | Reached skill level 10 in Fighting
 13857 | D:13     | Killed a centaur warrior
 14051 | D:13     | Reached skill level 5 in Shields
 14469 | D:14     | Found a broken altar of Ashenzari.
 14479 | D:14     | You are sucked into a shaft and drop 1 floor!
 14479 | D:15     | Entered Level 15 of the Dungeon
 14508 | D:15     | Noticed Louise
 14508 | D:15     | Noticed a six-headed hydra
 14511 | D:15     | Cast into level 3 of the Abyss (Louise)
 14550 | Abyss:3  | Noticed a tentacled starspawn
 14563 | Abyss:3  | Noticed a red very ugly thing
 14570 | Abyss:3  | Killed a red very ugly thing
 14598 | Abyss:3  | Noticed a hell hog
 14614 | Abyss:3  | Killed a hell hog
 14619 | Abyss:3  | Killed a tentacled starspawn
 14671 | Abyss:3  | Noticed a tentacled starspawn
 14678 | Abyss:3  | Killed a tentacled starspawn
 14690 | Abyss:3  | Noticed a starcursed mass
 14697 | D:15     | Escaped the Abyss
 14703 | D:15     | Killed Louise
 14704 | D:15     | Reached XP level 13. HP: 39/114 MP: 11/17
 15074 | D:15     | Found a runed translucent door.
 15075 | D:15     | Noticed a fire giant
 15210 | D:14     | Found Bonio's Antique Weapon Boutique.
 15213 | D:14     | Bought a runed arbalest for 202 gold pieces
 15252 | D:14     | Noticed Frances
 15261 | D:14     | Killed Frances
 15262 | D:14     | Reached skill level 20 in Axes
 15262 | D:14     | Reached skill level 1 in Crossbows
 15262 | D:14     | Reached skill level 1 in Evocations
 15538 | D:14     | Found a gate to the Vaults.
 16549 | D:15     | Reached ****** piety under Okawaru
 16611 | D:15     | Found a staircase to the Depths.
 16611 | D:15     | Noticed a stone giant
 16617 | D:15     | Killed a stone giant
 16617 | D:15     | Received a gift from Okawaru
 16809 | D:9      | Bought the ring "Goab" {rElec rN++ AC+4 Str-4 Int+3} for
                  | 584 gold pieces
 16888 | D:9      | Killed Antichthon's ghost
 16893 | D:9      | Identified the +3 double sword of the Walnut {drain, rElec
                  | rF+ Will+ Dex-2}
 16982 | Orc:1    | Entered Level 1 of the Orcish Mines
 16982 | Orc:1    | Noticed Nergalle
 16995 | Orc:1    | Killed Nergalle
 16995 | Orc:1    | Received a gift from Okawaru
 17161 | Orc:2    | Entered Level 2 of the Orcish Mines
 17174 | Orc:2    | Found Ughih's Distillery.
 17251 | Orc:1    | Reached skill level 1 in Polearms
 17404 | Orc:2    | Found a staircase to the Elven Halls.
 17539 | Orc:2    | Reached XP level 14. HP: 102/124 MP: 18/18
 17648 | Orc:2    | Found Ecyemyr's General Store.
 17668 | Orc:2    | Found Bucsir's Antique Weapon Shoppe.
 17717 | Orc:2    | Identified the +0 ring mail of the Arcane {rPois} (Okawaru
                  | gifted it to you on level 2 of the Orcish Mines)
 17717 | Orc:2    | Received a gift from Okawaru
 18319 | Orc:2    | Found Raipn's Antique Armour Shop.
 18319 | Orc:2    | Found Kyeseol's Antique Weapon Shoppe.
 18538 | Orc:2    | Upgraded the game from 0.29-a0-375-g5102b3be25 to
                  | 0.29-a0-378-gc08b2e8bf8
 18644 | Lair:1   | Entered Level 1 of the Lair of Beasts
 18747 | Lair:1   | Noticed Grum
 18760 | Lair:1   | Killed Grum
 18968 | Lair:1   | Noticed Erica
 18979 | Lair:1   | Killed Erica
 19028 | Lair:1   | Reached skill level 21 in Axes
 19213 | Lair:1   | Noticed Amaemon
 19220 | Lair:1   | Killed Amaemon
 19618 | Lair:2   | Reached skill level 5 in Crossbows
 19628 | Lair:2   | Reached skill level 1 in Maces & Flails
 20172 | Lair:2   | Found a staircase to the Swamp.
 20513 | Lair:2   | Found a hole to the Spider Nest.
 21959 | Lair:4   | Found a transporter.
 21967 | Lair:4   | Noticed spaghetti's ghost (journeyman GnBe)
 21972 | Lair:4   | Found a transporter.
 21994 | Lair:4   | HP: 4/127 [boulder beetle (33)]
 21995 | Lair:4   | Slain by a boulder beetle

Illustrated notes

Levels and vault maps discovered:
D:1:      psy_arrival_wood_between_worlds, layout_basic, serial_park_tiny_1,
          chequers_arboretum
D:2:      layout_loops_cross, basic_altar, palyth_stone_intersect
D:3:      minmay_chambers_of_threes, layout_rooms, old_standard_altar,
          ebering_ecumenical_altar_box
D:4:      layout_basic, grunt_temple_overflow_open, minmay_temple_entry_fiery,
          chequers_serial_rivers_small_b, uniq_crazy_yiuf_cottage
D:5:      layout_loops_ring, fedhas_altar_4,
          mainiacjoe_overflow_large_starburst, amcnicky_altar_lugonu_corruption,
          uniq_prince_ribbit1, uniq_pikel, uniq_blork_the_orc
D:6:      layout_basic, nicolae_wu_jian_immortal_techniques, uniq_eustachio
D:7:      layout_loops_corners, uniq_maggie
D:8:      layout_rooms, zin_angel, erik_lair_orcish_takeover, enter_bailey_2
D:9:      layout_stronghold, serial_shops, shop_statue,
          nicolae_shop_window_shopping, gammafunk_ghost_hydra_chop,
          roderic_lattice_a
D:10:     minmay_skewed_foursquare, layout_rooms, nrook_loot_triangle,
          nicolae_concentric_dashed_squares_mild, bh_walls_and_bars, uniq_snorg,
          uniq_psyche
D:11:     layout_stronghold, minmay_variable_closet, uniq_lodul, uniq_harold
D:12:     layout_big_octagon
D:13:     layout_long_grid
D:14:     layout_cave_pools, erik_vaults_2, serial_shops, nicolae_stop_n_shop_1,
          evilmike_ruin_ashenzari, uniq_frances
D:15:     grunt_enter_depths_snipers, layout_loops_cross, serial_bayou_shore_a,
          ebering_ghost_rock_garden, minmay_st_funbox, serial_bayou_lagoon_a,
          uniq_louise
Lair:1:   layout_regular_city, st_stairs_13, uniq_grum, uniq_erica, uniq_amaemon
Lair:2:   layout_big_grid, palyth_hydra_swamp_entry, spider_nest_entry_webs,
          guppyfry_lair_drakes
Lair:3:   layout_chaotic_city
Lair:4:   layout_loops_ring, gammafunk_ghost_berserking_beasts,
          serial_bayou_ford_a, pf_torpor_hydra
Orc:1:    layout_caves, uniq_maurice, uniq_nergalle
Orc:2:    st_orc_town, layout_caves, serial_shops, shop,
          nicolae_orc_crystal_geode

Skill      XL: |  1  2  3  4  5  6  7  8  9 10 11 12 13 14 |
---------------+-------------------------------------------+-----
Armour         | 4 5 6 7 8 9 10 11 12 | 12.0
Axes           | 3 4 6 7 9 11 13 15 17 19 20 21 | 21.5
Fighting       | 4 5 6 7 9 10 11 12 | 12.6
Dodging        | 1 2 |  2.5
Shields        | 4 5 7 9 |  9.6
Invocations    | 1 3 4 5 6 7 |  7.9
Crossbows      | 4 6 |  6.0
Evocations     | 3 4 |  4.0
Polearms       | 1 |  1.3
Maces & Flails | 3 |  3.1

Action                   |  1- 3 |  4- 6 |  7- 9 | 10-12 | 13-15 || total
-------------------------+-------+-------+-------+-------+-------++-------
Melee: War axe           |    86 |   134 |   187 |       |       ||   407
       Headbutt          |    13 |    19 |    48 |    96 |   157 ||   333
       Broad axe         |       |       |    37 |   374 |   515 ||   926
       Trident           |       |       |       |       |    29 ||    29
       Eveningstar       |       |       |       |       |    25 ||    25
Invok: Heroism           |       |       |     5 |    11 |     7 ||    23
       Finesse           |       |       |       |     2 |     3 ||     5
Evoke: Wand              |       |       |     2 |       |       ||     2
  Use: Scroll            |     1 |     2 |     3 |    10 |     9 ||    25
       Potion            |       |       |     1 |       |     8 ||     9
Armor: Scale mail        |     9 |       |       |       |       ||     9
       Chain mail        |    39 |    21 |       |       |       ||    60
       Plate armour      |       |    62 |   128 |   229 |   212 ||   631
Dodge: Dodged            |    41 |    46 |    62 |   101 |   109 ||   359
Block: Buckler           |    16 |    35 |    58 |    18 |       ||   127
       Orb               |       |       |       |    44 |       ||    44
       Reflection        |       |       |       |    11 |    20 ||    31
       Kite shield       |       |       |       |   117 |   520 ||   637
       Rpst.: Broad axe  |       |       |       |    17 |    17 ||    34

Table legend: (Time is in decaauts)
 A = Elapsed time spent in this place.
 B = Non-inter-level travel time spent in this place.
 C = Inter-level travel time spent in this place.
 D = Time resting spent in this place.
 E = Time spent auto-exploring this place.
 F = Levels seen in this place.
 G = Mean time per level.
                   A        B        C        D        E       F      G
               +--------+--------+--------+--------+--------+-----+--------+
         Total |  21853 |  20112 |   1741 |      0 |  17029 |  23 |  950.1 |
       Dungeon |  16430 |  15151 |   1279 |      0 |  13087 |  15 | 1095.3 |
          Lair |   3304 |   3030 |    274 |      0 |   2590 |   4 |  826.0 |
  Orcish Mines |   1564 |   1377 |    187 |      0 |   1068 |   2 |  782.0 |
         Abyss |    176 |    176 |      0 |      0 |     12 |   1 |  176.0 |
        Bailey |    377 |    377 |      0 |      0 |    271 |   1 |  377.0 |
               +--------+--------+--------+--------+--------+-----+--------+

Top non-repeatable levels by time:
    D:13: 1675 daAuts
  Lair:2: 1576 daAuts
     D:5: 1552 daAuts
     D:7: 1318 daAuts
     D:6: 1300 daAuts
   Orc:2: 1221 daAuts
     D:4: 1205 daAuts
     D:2: 1175 daAuts
     D:9: 1116 daAuts
    D:11: 1112 daAuts
    D:15: 1085 daAuts
     D:1: 1022 daAuts
    D:12: 836 daAuts
  Lair:1: 803 daAuts
    D:10: 793 daAuts
